 Dungeon Crawl Stone Soup version 0.29.1-12-g30fa7ad0bf (webtiles) character file.

Game seed: 14783640202788022720

161 wormed the Trooper (level 5, -1/33 HPs)
             Began as a Gargoyle Fighter on Dec 20, 2022.
             Slain by a gnoll
             ... wielding a +1 vorpal halberd
              (11 damage)
             ... on level 3 of the Dungeon.
             The game lasted 00:04:48 (2388 turns).

wormed the Trooper (Gargoyle Fighter)               Turns: 2388, Time: 00:04:48

Health: -1/33      AC: 15    Str: 21    XL:     5   Next: 42%
Magic:  5/5        EV:  7    Int:  9    God:
Gold:   141        SH:  4    Dex:  9    Spells: 4/4 levels left

rFire   . . .      SeeInvis .   p - +1 whip
rCold   . . .      Faith    .   c - +0 buckler
rNeg    + . .      Spirit   .   k - +0 chain mail
rPois   ∞          Reflect  .   (no helmet)
rElec   +          Harm     .   (no cloak)
rCorr   .          Rampage  .   m - +1 pair of gloves
Will    .....                   (no boots)
Stlth   ..........              (no amulet)
HPRegen 0.11/turn               (no ring)
MPRegen 0.09/turn               (no ring)

@: no status effects
A: sickness immunity, AC +4, negative energy resistance 1, electricity
resistance, torment resistance 1, petrification resistance
a: no special abilities


You were on level 3 of the Dungeon.
You visited 1 branch of the dungeon, and saw 3 of its levels.

You collected 141 gold pieces.

Inventory:

Hand Weapons
 p - a +1 whip (weapon)
Armour
 c - a +0 buckler (worn)
 k - a +0 chain mail (worn)
 m - a +1 pair of gloves (worn)
Scrolls
 a - 3 scrolls of silence {unknown}
 h - a scroll of noise
 o - a scroll of amnesia
Potions
 b - a potion of brilliance
 d - a potion of might
 e - a potion of flight {unknown}
 f - a potion of curing {unknown}
 n - a potion of ambrosia {unknown}


   Skills:
 + Level 4.1 Fighting
 * Level 3.7 Maces & Flails
 + Level 4.1 Armour
 + Level 4.1 Shields


You had 4 spell levels left.
You didn't know any spells.
Your spell library was empty.

Dungeon Overview and Level Annotations

Branches:
Dungeon (3/15)

Altars:
Ru


Innate Abilities, Weirdness & Mutations

You are immune to sickness and miasma.
Your stone body is resilient. (AC +4)
You are immune to poison.
You resist negative energy. (rN+)
You are resistant to electric shocks. (rElec)
You are resistant to unholy torment.
You are immune to petrification.


Message History

The gnoll shouts!
The gnoll hits you from afar with a +1 vorpal halberd.
You block the gnoll's attack.
A gnoll comes into view. It is wielding a +0 club.
You hit the gnoll.
The gnoll is lightly wounded.
The gnoll barely misses you.
You hit the gnoll.
The gnoll is heavily wounded.
You block the gnoll's attack.
You whack the gnoll!
You kill the gnoll!
The gnoll hits you but does no damage.
The gnoll hits you from afar with a +1 vorpal halberd.
Things that are here:
a +0 club; a gnoll corpse The gnoll hits you but does no damage.
You block the gnoll's attack. The gnoll barely misses you.
The gnoll hits you but does no damage.
You closely miss the gnoll. The gnoll hits you but does no damage.
The gnoll closely misses you.
You hit the gnoll.
The gnoll is lightly wounded.
You block the gnoll's attack. The gnoll closely misses you.
You whack the gnoll!
The gnoll is severely wounded.
The gnoll closely misses you. You block the gnoll's attack.
You hit the gnoll.
The gnoll is severely wounded.
The gnoll hits you but does no damage. x2
You hit the gnoll.
You kill the gnoll!
The gnoll barely misses you.
You hit the gnoll but do no damage.
The gnoll hits you from afar with a +1 vorpal halberd!
The gnoll hits you but does no damage.
You hit the gnoll.
The gnoll is moderately wounded.
The gnoll hits you from afar with a +1 vorpal halberd!
You die...

.............###.##.........#####
(................................
......[...##.###.####.##.##.##.##
...##.#...##.....####.##.##.#....
...##........##..................
.......###....##.#######.........
.#g###.# ####...g# #.......##
##.# #.# ####g# ####.##.##
##.###.# #@# #######.##.#.
.......# #.####............
...##### #........######### ...#
##.......######### ...#
#................ ...#
#.###.####.###.## ...#
#.....####.###.## ...#
####..#......... .### .
#..#....##...


You could see 2 gnolls.

Vanquished Creatures
  An orc wizard (D:3)
  2 gnolls (D:3)
  5 adders (D:2)
  A white imp (D:3)
  A worm (D:2)
  A dart slug (D:3)
  3 orcs (D:3)
  4 ball pythons
  2 endoplasms
  4 giant cockroaches
  5 goblins
  7 hobgoblins
  3 jackals (D:1)
  4 kobolds
  3 quokkas
  6 bats
  4 frilled lizards
  5 rats
61 creatures vanquished.

Notes
Turn   | Place    | Note
-------+----------+-------------------------------------------
     0 | D:1      | wormed the Gargoyle Fighter began the quest for the Orb.
     0 | D:1      | Reached XP level 1. HP: 14/14 MP: 1/1
   114 | D:1      | Reached XP level 2. HP: 17/19 MP: 2/2
   417 | D:1      | Found a faded altar of an unknown god.
   570 | D:1      | Reached XP level 3. HP: 18/23 MP: 3/3
  1370 | D:2      | Reached XP level 4. HP: 29/29 MP: 4/4
  2041 | D:3      | Found a sacrificial altar of Ru.
  2125 | D:3      | Reached XP level 5. HP: 16/33 MP: 5/5
  2388 | D:3      | Slain by a gnoll

Illustrated notes

Levels and vault maps discovered:
D:1:      dpeg_arrival_stonehenge_12_columns, layout_basic,
          ebering_ecumenical_altar_mist
D:2:      layout_loops_cross, st_stairs_9
D:3:      layout_basic, mainiacjoe_overflow_tiny_flanked,
          grunt_temple_overflow_diamond

Skill      XL: |  1  2  3  4 |
---------------+-------------+-----
Maces & Flails | 3 |  3.7
Fighting       | 4 |  4.1
Armour         | 4 |  4.1
Shields        | 4 |  4.1

Action                   |  1- 3 |  4- 6 || total
-------------------------+-------+-------++-------
Melee: Flail             |   176 |    20 ||   196
       Whip              |       |   122 ||   122
  Use: Scroll            |       |     7 ||     7
       Potion            |       |     1 ||     1
Armor: Scale mail        |    53 |       ||    53
       Chain mail        |    86 |   107 ||   193
Dodge: Dodged            |    92 |    54 ||   146
Block: Buckler           |    54 |    36 ||    90
